Map: Terraform LE (Void)

Players

Skowryk - Winner!

  • Race: Zerg Zerg
  • League: Master

PtitDrogo

  • Race: Protoss Protoss
  • League: Master

VOD

Have the link to the VOD?

Description

Time

  • Played on: Oct. 26, 2015, 7:17 a.m.
  • Length: 9:55
Show
View Real Time Build Order
Export as new Build Order

Skowryk Zerg - Winner!

Build Orders: Hatch First 

Get SALT Encoding   

  12  0:01  Drone  
  13  0:08  Drone  
  14  0:18  Overlord  
  14  0:22  Extractor  
  14  0:23  Drone  
  15  0:36  Drone  
  15  0:37  Drone  
  17  0:52  Hatchery  
  17  0:55  Drone  
  17  1:09  Spawning Pool  
  16  1:12  Drone  
  17  1:20  Drone  
  18  1:35  Hatchery  
  18  1:38  Drone  
  18  1:41  Drone  
  18  1:43  Extractor  
  18  1:49  Drone  
  19  1:55  Queen  
  22  2:05  Queen  
  22  2:06  Drone  
  25  2:09  Drone  
  25  2:15  Drone x2  
  28  2:21  Overlord  
  28  2:38  Queen  
  28  2:39  Drone x2  
  28  2:40  Drone x2  
  34  2:46  Queen  
  36  2:53  Zergling x4  
  38  3:03  Extractor  
  37  3:06  Overlord  
  37  3:12  Drone x2  
  36  3:14  Drone x4  
  36  3:15  Drone x2  
  42  3:21  Overlord  
  42  3:25  Drone x2  
  44  3:30  Overlord  
  44  3:34  Overlord  
  44  3:35  Drone  
  44  3:40  Extractor  
  44  3:41  Roach Warren, Extractor  
  43  3:44  Drone  
  43  3:47  Drone x4  
  47  3:48  Drone  
  47  3:50  Drone  
  47  3:52  Drone  
  50  3:56  Drone  
  50  3:58  Drone x2  
  50  3:59  Drone  
  50  4:01  Drone  
  55  4:04  Drone x2  
  55  4:07  Drone  
  55  4:08  Drone  
  59  4:13  Lair  
  59  4:18  Evolution Chamber  
  59  4:20  Drone x2  
  59  4:21  Drone  
  59  4:22  Drone  
  59  4:23  Drone  
  63  4:25  Drone x2  
  63  4:27  Drone  
  63  4:28  Drone  
  63  4:30  Drone  
  66  4:35  Overlord  
  66  4:36  Drone x2  
  66  4:37  Drone  
  69  4:38  Extractor  
  69  4:39  Overlord  
  68  4:53  Zerg Missile Weapons Level 1, Overlord  
  68  4:57  Hatchery, Drone x3  
  68  4:59  Overlord  
  70  5:03  Extractor  
  70  5:05  Extractor  
  70  5:06  Overlord  
  68  5:11  Drone, Roach x2  
  68  5:12  Drone x2  
  75  5:15  Overlord  
  75  5:16  Roach x3  
  81  5:22  Spire, Glial Reconstitution  
  81  5:25  Drone  
  81  5:31  Roach x2  
  81  5:32  Overlord  
  81  5:34  Drone x2  
  81  5:35  Zergling x4  
  89  5:37  Zergling x2  
  90  5:44  Overlord  
  88  5:56  Overlord  
  85  6:01  Drone x3  
  85  6:02  Drone  
  89  6:06  Overlord  
  89  6:08  Drone  
  89  6:10  Drone x2  
  89  6:11  Drone  
  93  6:12  Queen  
  93  6:13  Drone  
  93  6:17  Overlord  
  96  6:20  Roach x3  
  96  6:21  Zergling x8  
  106  6:25  Zergling x4  
  106  6:26  Zergling x2  
  109  6:36  Zergling x2  
  109  6:38  Mutalisk x6  
  122  6:43  Ravager x3  
  122  6:44  Mutalisk x2, Ravager  
  130  6:49  Zergling x2  
  131  6:54  Zergling x4  
  131  6:55  Zergling x2  
  131  6:59  Zerg Flyer Weapons Level 1  
  131  7:00  Mutalisk  
  131  7:01  Hatchery, Mutalisk  
  135  7:03  Zergling x6  
  135  7:04  Zergling x4  
  135  7:05  Zergling x2  
  143  7:15  Hatchery  
  142  7:17  Overlord  
  142  7:18  Mutalisk x2  
  142  7:21  Metabolic Boost  
  142  7:22  Zergling x4  
  148  7:23  Zergling x2  
  148  7:24  Spore Crawler  
  148  7:34  Zergling x8  
  148  7:35  Zergling x4  
  148  7:36  Mutalisk x2  
  158  7:50  Mutalisk x2  
  162  7:53  Overlord x2  
  162  7:54  Overlord  
  162  7:58  Overlord  
  162  8:01  Overlord  
  160  8:11  Mutalisk x2  
  160  8:12  Mutalisk x2  
  158  8:22  Zergling x4  
  158  8:24  Zergling x8  
  146  8:28  Roach x2  
  146  8:29  Roach x6  
  146  8:30  Roach  
  162  8:37  Zergling x2  
  162  8:40  Roach x2  
  167  8:46  Roach x2  
  167  8:47  Roach x2  
  167  8:48  Roach  
  175  8:54  Roach x2  
  169  8:57  Roach x2  
  169  8:58  Roach  
  169  8:59  Roach  
  169  9:00  Zergling x6  
  169  9:02  Zergling x2  
  173  9:06  Zergling x2  
  173  9:07  Zergling x2  
  172  9:10  Zergling x4  
  172  9:12  Ravager x2  
  172  9:14  Zergling x2  
  172  9:16  Zergling x2  
  178  9:18  Zergling x2  
  178  9:20  Zergling x2  
  178  9:21  Zergling x2  
  181  9:25  Hatchery, Zergling x2  
  181  9:28  Zergling x6  
  183  9:37  Zergling x2  
Show
View Real Time Build Order
Export as new Build Order

PtitDrogo Protoss 

Build Orders: 1 Gate Expand 

Get SALT Encoding   

  12  0:01  Probe (Chrono Boost)  
  13  0:11  Probe (Chrono Boost)  
  14  0:17  Pylon  
  14  0:22  Probe (Chrono Boost)  
  15  0:36  Probe (Chrono Boost)  
  15  0:37  Gateway  
  16  0:46  Probe (Chrono Boost)  
  18  0:57  Probe (Chrono Boost)  
  18  1:07  Probe (Chrono Boost)  
  19  1:15  Nexus  
  19  1:18  Probe (Chrono Boost)  
  20  1:26  Cybernetics Core  
  20  1:29  Probe (Chrono Boost)  
  21  1:33  Assimilator  
  21  1:38  Assimilator  
  21  1:41  Probe (Chrono Boost)  
  22  1:50  Pylon  
  22  1:51  Probe (Chrono Boost)  
  23  2:08  Probe (Chrono Boost), Adept (Chrono Boost)  
  26  2:19  Warp Gate (Chrono Boost)  
  26  2:20  Probe  
  27  2:25  Probe (Chrono Boost)  
  28  2:32  Sentry (Chrono Boost), Probe (Chrono Boost)  
  31  2:37  Probe (Chrono Boost)  
  31  2:43  Probe (Chrono Boost)  
  33  2:48  Probe (Chrono Boost)  
  33  2:49  Gateway  
  34  2:51  Gateway  
  34  2:53  Probe (Chrono Boost)  
  38  2:58  Sentry, Probe (Chrono Boost)  
  38  3:04  Probe (Chrono Boost)  
  39  3:09  Probe (Chrono Boost)  
  40  3:14  Probe (Chrono Boost)  
  40  3:24  Mothership Core (Chrono Boost)  
  40  3:25  Probe (Chrono Boost)  
  42  3:28  Nexus  
  42  3:29  Pylon  
  42  3:35  Probe (Chrono Boost)  
  42  3:38  Robotics Facility  
  43  3:43  Probe  
  43  3:45  Probe (Chrono Boost)  
  45  3:50  Assimilator  
  45  3:53  Assimilator  
  45  3:55  Probe (Chrono Boost)  
  46  3:57  Probe (Chrono Boost)  
  47  4:06  Probe (Chrono Boost), Pylon  
  47  4:08  Probe (Chrono Boost)  
  49  4:16  Probe (Chrono Boost)  
  50  4:18  Probe (Chrono Boost)  
  51  4:27  Probe (Chrono Boost)  
  51  4:29  Probe (Chrono Boost), Adept  
  51  4:30  Sentry  
  57  4:36  Probe (Chrono Boost), Warp Prism (Chrono Boost)  
  60  4:38  Probe  
  60  4:40  Probe  
  60  4:43  Adept  
  64  4:46  Probe  
  64  4:49  Probe  
  64  4:51  Adept  
  64  4:52  Probe  
  69  4:57  Probe, Adept  
  69  4:58  Twilight Council, Forge  
  69  4:59  Probe  
  72  5:03  Pylon  
  72  5:04  Sentry, Probe  
  76  5:08  Observer (Chrono Boost)  
  77  5:17  Pylon  
  77  5:20  Probe x2  
  77  5:21  Probe, Pylon x2  
  77  5:22  Protoss Ground Weapons Level 1  
  77  5:24  Sentry x2  
  84  5:31  Probe  
  84  5:32  Immortal (Chrono Boost)  
  84  5:35  Sentry, Probe x2  
  91  5:37  Blink (Chrono Boost)  
  93  5:43  Probe, Assimilator  
  93  5:47  Probe x2  
  96  5:55  Probe  
  97  6:00  Probe  
  98  6:04  Photon Cannon  
  98  6:05  Immortal, Gateway  
  98  6:07  Gateway  
  98  6:08  Gateway  
  98  6:10  Stalker x2, Gateway  
  98  6:11  Stalker  
  108  6:13  Gateway  
  108  6:22  Assimilator  
  108  6:24  Pylon  
  108  6:26  Gateway  
  108  6:27  Pylon  
  108  6:29  Pylon  
  108  6:39  Immortal  
  112  6:48  Stalker x2  
  112  6:49  Stalker  
  118  7:08  Stalker x3  
  118  7:09  Stalker  
  118  7:13  Immortal  
  118  7:14  Pylon  
  118  7:15  Protoss Ground Weapons Level 2  
  126  7:17  Pylon  
  126  7:18  Stalker  
  126  7:22  Photon Cannon  
  132  7:23  Pylon x2  
  132  7:25  Pylon  
  132  7:30  Photon Cannon  
  132  7:32  Photon Cannon  
  132  7:34  Pylon, Photon Cannon  
  132  7:36  Stalker x4  
  130  7:37  Stalker  
  130  7:40  Pylon  
  132  7:50  Stalker x4, Warp Prism  
  142  8:07  Stalker x3  
  142  8:08  Stalker  
  142  8:12  Archon x2  
  145  8:13  Archon  
  145  8:14  Stalker x2  
  131  8:37  Stalker  
  131  8:38  Stalker x7  
  123  8:53  Stalker  
  107  9:10  Stalker x4  
  107  9:11  Stalker x4  
  121  9:32  Stalker x3  
  121  9:34  Stalker x2  
  127  9:42  Stalker  
  111  9:45  Stalker x2  
Tags
 
Add a new tag
Caveats
  • Supply blocks, unpowered buildings, or Contaminate may cause inaccurate times.
  • Supply counts are checked every 10 seconds.